 Dungeon Crawl Stone Soup version 0.32-a0-893-gf85d74f360 (webtiles) character file.

Game seed: 14106726778359819169

552 Fractals the Sneak (level 7, 44/44 HPs)
             Began as a Kobold Delver on Apr 2, 2024.
             Was a Believer of Nemelex Xobeh.
             Quit the game on level 4 of the Dungeon on Apr 5, 2024.
             The game lasted 00:11:30 (3725 turns).

Fractals the Sneak (Kobold Delver)                  Turns: 3725, Time: 00:11:30

Health: 44/44      AC:  7    Str: 11    XL:     7   Next: 55%
Magic:  11/11      EV: 12    Int: 12    God:    Nemelex Xobeh [**....]
Gold:   172        SH:  0    Dex: 16    Spells: 6/6 levels left

rFire   . . .        o - +2 quick blade (freeze)
rCold   . . .        (no shield)
rNeg    . . .        m - +0 ring mail
rPois   .            (no helmet)
rElec   .            D - +0 cloak
rCorr   .            q - +0 pair of gloves
SInv    .            (no boots)
Will    .....        (no amulet)
Stlth   ++++         (no ring)
HPRegen 0.27/turn    (no ring)
MPRegen 0.12/turn

%: no passive effects
@: no status effects
A: small, no large weapons, nightstalker 3
a: Renounce Religion, Draw Escape, Draw Destruction, Draw Summoning


You were on level 4 of the Dungeon.
You worshipped Nemelex Xobeh.
Nemelex Xobeh was pleased with you.
You visited 2 branches of the dungeon, and saw 6 of its levels.

You collected 268 gold pieces.
You spent 96 gold pieces at shops.

Inventory:

Hand Weapons
 o - a +2 quick blade of freezing (weapon)
 y - a +1 dagger of electrocution
Missiles
 i - 5 boomerangs (quivered)
 r - 2 throwing nets
Armour
 m - a +0 ring mail (worn)
 q - a +0 pair of gloves (worn)
 D - a +0 cloak (worn)
Jewellery
 A - a ring of ice
Wands
 b - a wand of flame (25)
 g - a wand of digging (3)
 x - a wand of charming (8)
Scrolls
 c - a scroll of fog
 e - a scroll of summoning {unknown}
 h - a scroll of enchant armour {unknown}
 j - a scroll of amnesia
 n - a scroll of poison {unknown}
 s - 2 scrolls of identify
 v - 2 scrolls of teleportation {unknown}
 w - a scroll of fear
 B - a scroll of silence {unknown}
Potions
 a - a potion of enlightenment {unknown}
 d - a potion of attraction {unknown}
 f - a potion of haste
 k - a potion of brilliance {unknown}
 l - a potion of might {unknown}
 p - a potion of heal wounds
 t - a potion of cancellation {unknown}
 u - a potion of curing
 z - a potion of lignification {unknown}
 C - 2 potions of mutation {unknown}


   Skills:
 + Level 5.4 Fighting
 - Level 3.5 Short Blades
 + Level 1.8 Armour
 - Level 3.0 Dodging
 - Level 7.0 Stealth
 - Level 5.4 Invocations


You had 6 spell levels left.
You didn't know any spells.
Your spell library contained the following spells:

 Spells                   Type           Power      Damage    Failure   Level
 Kiss of Death            Conj/Necr      0%         2d5       61%         1
 Confusing Touch          Hex            0%         N/A       93%         3
 Dazzling Flash           Conj/Hex       0%         N/A       93%         3
 Mephitic Cloud           Conj/Alch/Air  0%         N/A       93%         3
 Dispel Undead            Necr           0%         3d6       100%        4
 Curse of Agony           Necr           0%         N/A       100%        5
 Silence                  Hex/Air        0%         N/A       100%        5


Dungeon Overview and Level Annotations

Branches:
Dungeon (5/15)             Temple (1/1) D:5

Altars:
Ashenzari
Dithmenos
Elyvilon
Gozag
Hepliaklqana
Kikubaaqudgha
Makhleb
Nemelex Xobeh
Okawaru
Qazlal
Ru
Uskayaw
Zin
The Shining One

Shops:
D:2 ![=

Annotations:
D:2 2 transporters
D:4 2 transporters


Innate Abilities, Weirdness & Mutations

You are small and have problems with some larger weapons.
You are completely attuned to the shadows.


Message History

You catch the helpless ball python completely off-guard!
You puncture the ball python!
The ball python seems to slow down.
You freeze the ball python.
You kill the ball python!
You see here a ball python corpse.
You open the door.
There is an open door here.
There is an open door here.
You open the door.
There is an open door here.
You now have 168 gold pieces (gained 15).
As you open the door, it creaks loudly!
You open the door.
There is an open door here.
There is an escape hatch in the ceiling here.
You see here a +0 hand axe.
C - 2 green potions (gained 1)
Found a cloak.
Found a transporter.
Found a pair of boots.
You see here a +0 cloak.
D - a +0 cloak You start putting on your armour.
You continue putting on your +0 cloak. x4
You finish putting on your +0 cloak.
Found a transporter.
Nemelex Xobeh deals you some cards!
You now have 2 escape cards, 16 destruction cards and 4 summoning cards.
You now have 172 gold pieces (gained 4).
Found a stone staircase leading up.
Saving game... please wait.
Level annotation: 2 transporters Welcome back, Fractals the Kobold Delver.
Nemelex Xobeh says: It's all in the cards!
Press ? for a list of commands and other information.
Saving game... please wait.
Level annotation: 2 transporters Welcome back, Fractals the Kobold Delver.
Nemelex Xobeh says: It's all in the cards!
Press ? for a list of commands and other information.
Are you sure you want to abandon this character and quit the game? (Confirm with "yes".)

.# ###############
..............#
#############.#
P#~S~~~~S#Pß#.##
.#~P~~P..#..#..##
[+~~~⌠~..+/©#©..##
#..#....####
#Pß#.#.@....
####.#.#####
....#.# #.# .<


There were no monsters in sight!

Vanquished Creatures
  The ghost of partyrob117 the Trooper, an amateur DsBe of Trog (D:3)
  A water moccasin (D:3)
  A hound (D:4)
  2 orc wizards (D:3)
  An iguana (D:4)
  5 adders
  2 dart slugs
  3 ribbon worms
  14 orcs
  7 bats
  2 endoplasms
  4 giant cockroaches
  9 goblins
  3 hobgoblins
  2 jackals (D:3)
  6 kobolds
  6 quokkas
  4 ball pythons
  A frilled lizard (D:2)
74 creatures vanquished.

Notes
Turn   | Place    | Note
-------+----------+-------------------------------------------
     0 | D:5      | Fractals the Kobold Delver began the quest for the Orb.
     0 | D:5      | Reached XP level 1. HP: 14/14 MP: 1/1
    35 | D:5      | Found a white marble altar of Elyvilon.
    54 | D:5      | Found a staircase to the Ecumenical Temple.
    60 | Temple   | Entered the Ecumenical Temple
    85 | Temple   | Became a worshipper of Nemelex Xobeh the Trickster
   121 | D:5      | Found a burning altar of Makhleb.
   154 | D:4      | Noticed a hound
   273 | D:4      | Reached skill level 7 in Stealth
   273 | D:4      | Reached XP level 2. HP: 20/20 MP: 2/2
   407 | D:3      | Noticed a water moccasin
   555 | D:3      | Found a hide-covered altar of Uskayaw.
   632 | D:1      | Reached XP level 3. HP: 24/24 MP: 3/3
   672 | D:1      | Reached skill level 1 in Invocations
  1054 | D:1      | Found a faded altar of an unknown god.
  1233 | D:1      | Reached * piety under Nemelex Xobeh
  1486 | D:2      | Found Fycvumod's Armour Shoppe.
  1574 | D:2      | Found Nadoheme's Jewellery Shoppe.
  1769 | D:2      | Received a gift from Nemelex Xobeh
  1814 | D:2      | Reached XP level 4. HP: 29/29 MP: 5/5
  1842 | D:2      | Found a transporter.
  1888 | D:2      | Found Ynawkev's Distillery.
  1893 | D:2      | Bought a potion of curing for 36 gold pieces
  1893 | D:2      | Bought a potion of heal wounds for 60 gold pieces
  1895 | D:2      | Found a transporter.
  2446 | D:3      | Reached XP level 5. HP: 20/34 MP: 6/6
  2640 | D:3      | Killed a water moccasin
  2641 | D:3      | Reached skill level 5 in Fighting
  2641 | D:3      | Reached XP level 6. HP: 40/40 MP: 8/8
  2650 | D:3      | Reached ** piety under Nemelex Xobeh
  2650 | D:3      | Found a runed translucent gate.
  2650 | D:3      | Found a runed translucent gate.
  2652 | D:3      | Found a runed translucent gate.
  2659 | D:3      | Noticed partyrob117's ghost (amateur DsBe)
  2675 | D:3      | Killed partyrob117's ghost
  2676 | D:3      | Reached skill level 5 in Invocations
  2676 | D:3      | Reached XP level 7. HP: 33/44 MP: 8/11
  3044 | D:3      | Found a glowing silver altar of Zin.
  3219 | D:4      | Reached skill level 1 in Armour
  3691 | D:4      | Found a transporter.
  3711 | D:4      | Found a transporter.
  3721 | D:4      | Received a gift from Nemelex Xobeh
  3725 | D:4      | Upgraded the game from 0.32-a0-886-g41c5271027 to
                  | 0.32-a0-893-gf85d74f360
  3725 | D:4      | Quit the game

Illustrated notes

Levels and vault maps discovered:
D:1:      kennysheep_arrival_forest, layout_basic,
          hellmonk_ecumenical_altar_lost_god, minmay_ruptured
D:2:      cheibrodos_old_hovel, layout_loops_ring, serial_shops,
          nicolae_shop_drivethru, nicolae_square_shop,
          nicolae_shop_pleasant_corner_grove, shop, dk_noncrumbling_4,
          chequers_avenue, serial_park_tiny_2, kennysheep_cross_room
D:3:      layout_loops_ring, zin_academy, nicolae_uskayaw_suspiria,
          ebering_ghost_rock_garden
D:4:      gammafunk_steamed_eel, layout_basic, fedhas_altar_4
D:5:      layout_gridville, old_standard_altar, vehumet_crystals,
          mainiacjoe_overflow_tiny_flanked, minmay_temple_entry_stoned_glass
Temple:   compressed_dpeg_circular_temple

Skill      XL: |  1  2  3  4  5  6  7 |
---------------+----------------------+-----
Stealth        | 7 |  7.0
Fighting       | 4 5 |  5.4
Invocations    | 1 2 3 5 |  5.4
Short Blades   | 3 |  3.5
Dodging        | 3 |  3.0
Armour         | 1 |  1.8

Action                     |  1- 3 |  4- 6 |  7- 9 || total
---------------------------+-------+-------+-------++-------
  Melee: Short sword       |    48 |       |       ||    48
         Quick blade       |    18 |    90 |    82 ||   190
  Throw: Boomerang         |       |     1 |     3 ||     4
 Invoke: Draw Escape       |       |       |     1 ||     1
    Use: Scroll            |     3 |       |     1 ||     4
         Potion            |       |     1 |     3 ||     4
   Stab: Sleeping          |    13 |     9 |     7 ||    29
         Distracted        |     1 |     1 |     2 ||     4
 Armour: Leather armour    |     3 |       |       ||     3
         Ring mail         |     9 |    29 |    25 ||    63
  Dodge: Dodged            |    25 |    22 |    31 ||    78

Table legend: (Time is in decaauts)
 A = Elapsed time spent in this place.
 B = Non-inter-level travel time spent in this place.
 C = Inter-level travel time spent in this place.
 D = Time resting spent in this place.
 E = Time spent auto-exploring this place.
 F = Levels seen in this place.
 G = Mean time per level.
                   A        B        C        D        E       F      G
               +--------+--------+--------+--------+--------+-----+--------+
         Total |   3724 |   3586 |    138 |    154 |   2297 |   6 |  620.7 |
       Dungeon |   3673 |   3583 |     90 |    154 |   2297 |   5 |  734.6 |
        Temple |     50 |      2 |     48 |      0 |      0 |   1 |   50.0 |
               +--------+--------+--------+--------+--------+-----+--------+

Top non-repeatable levels by time:
     D:3: 960 daAuts
     D:2: 960 daAuts
     D:1: 885 daAuts
     D:4: 759 daAuts
     D:5: 107 daAuts
  Temple: 50 daAuts
